 Dungeon Sprint DCSS version 0.22.0-16-gc6d26f6 (webtiles) character file.

3465 doot the Unseen (level 9, -7/49 HPs)
             Began as a Deep Elf Enchanter on Aug 17, 2018.
             Was a High Priest of Sif Muna.
             Mangled by Agnes
             ... wielding a +1 vampiric lajatang
              (31 damage)
             ... in the Dungeon (Sprint IV: "Fedhas' Mad Dash").
             The game lasted 00:16:11 (2210 turns).

doot the Unseen (Deep Elf Enchanter)                Turns: 2210, Time: 00:16:11

Health: -7/49      AC:  4    Str:  5    XL:     9   Next: 78%
Magic:  27/27      EV: 15    Int: 25    God:    Sif Muna [*****.]
Gold:   203        SH:  0    Dex: 17    Spells: 17/32 levels left

rFire    . . .     SeeInvis .   f - +0 rapier
rCold    . . .     Gourm    .   (no shield)
rNeg     . . .     Faith    .   j - +1 leather armour of Trial and Error {Int+3 Slay+2}
rPois    .         Spirit   .   (no helmet)
rElec    .         Reflect  .   (no cloak)
rCorr    .         Harm     .   (no gloves)
MR       .....     NoTele   +   (no boots)
Stlth    ++++++....             i - amulet of invisibility {+Inv}
HPRegen  0.16/turn              (no ring)
MPRegen  0.20/turn              (no ring)

@: no status effects
A: no striking features
a: Divine Energy, Channel Magic, Forget Spell, Renounce Religion, Evoke
Invisibility


You were in the Dungeon.
You worshipped Sif Muna.
Sif Muna was extremely pleased with you.
You were very hungry.

You visited 1 branch You collected 203 gold pieces.

Inventory:

Hand Weapons
 a - a +1 dagger
 f - a +0 rapier (weapon)
 n - a +2 hand crossbow of velocity
Armour
 b - a +0 robe
 j - the +1 leather armour of Trial and Error (worn) {Int+3 Slay+2}
   (You found it in the Dungeon)

   It affects your intelligence (+3).
   It affects your accuracy and damage with ranged weapons and melee attacks
   (+2).
Magical Staves
 l - an uncursed staff of fire {unknown}
Jewellery
 i - the amulet of invisibility (around neck) {+Inv}
   (You found it in the Dungeon)

   [amulet of nothing]

   It lets you turn invisible.
Scrolls
 k - a scroll of identify {unknown}
Potions
 c - 2 potions of might {unknown}
 g - a potion of haste
 h - 3 potions of magic
 m - a potion of lignification {unknown}
Comestibles
 d - 2 rations


   Skills:
 + Level 2.5 Fighting
 + Level 5.8 Short Blades
 + Level 1.1 Armour
 + Level 6.8 Dodging
 + Level 16.6 Stealth
 + Level 12.4 Spellcasting
 - Level 14.7 Hexes
 + Level 4.3 Ice Magic
 + Level 6.2 Evocations


You had 17 spell levels left.
You knew the following spells:

 Your Spells              Type           Power        Failure   Level  Hunger
a - Corona                Hex            ######.      0%          1    None
b - Ensorcelled Hibernat  Hex/Ice        ######       1%          2    None
c - Confuse               Hex            ######..     1%          3    None
d - Metabolic Englaciati  Hex/Ice        ######....   3%          5    ###....
e - Petrify               Tmut/Erth      ###.....     52%         4    None

Your spell library contained the following spells:

 Spells                   Type           Power        Failure   Level  Hunger
 Apportation              Tloc           ###...       6%          1    None
 Invisibility             Hex            ######..     2%          6    #####..
 Tukima's Dance           Hex            ######..     1%          3    None
 Confusing Touch          Hex            ######       0%          1    None
 Summon Butterflies       Summ           ###.....     6%          1    None
 Alistair's Intoxication  Tmut/Pois      ###.....     86%         5    ###....
 Dazzling Spray           Conj/Hex       ######       1%          3    None
 Gell's Gravitas          Tloc           ###.......   19%         3    None
 Yara's Violent Unravell  Hex/Tmut       ######....   9%          5    ###....
 Lesser Beckoning         Tloc           ###.......   19%         3    None


Dungeon Overview and Level Annotations

Branches:
Dungeon (1/1)

Altars:
Cheibriados
Dithmenos
Elyvilon
Gozag
Hepliaklqana
Kikubaaqudgha
Makhleb
Nemelex Xobeh
Okawaru
Qazlal
Ru
Sif Muna
Trog
Uskayaw
Vehumet
Wu Jian
Xom
Yredelemnul
Zin
The Shining One
Beogh
Jiyva
Lugonu

Shops:
D :=(%:}

Annotations:
D Agnes


Message History

Ouch! That really hurt!
Agnes draws strength from your wounds!
Casting: Confuse (safe; 1% risk of failure)
Confirm with . or Enter, or press ? or * to list all spells.
Aiming: Confuse (safe; 1% risk of failure)
Press: ? - help, Shift-Dir - straight line, f - Agnes
Aim: Agnes, wielding a vampiric lajatang and wearing an embroidered robe (severely wounded, chance to defeat MR: 17%)
Okay, then.
Okay, then.
You hit Agnes.
Agnes is severely wounded.
Agnes bows.
Agnes barely misses you.
You hit Agnes.
Agnes is severely wounded.
Agnes hits you with a vampiric lajatang.
You feel better.
Agnes hits you with a vampiric lajatang!!
Ouch! That really hurt!
You die...

._._._._._.⌠.#############
#################
♣♣♣♣♣..♣(###.'..+
.....♣..♣##..#..#
..♣♣♣.♣).###.##'#
♣♣..♣...♣'...#♣.♣###
#############.....####
#..♣..♣....#
#.i.♣..@...♣...
......♣.i...∩.∩.
################


You could see Agnes.

Vanquished Creatures
  A spriggan druid (D)
  3 oklob plants (D)
  A queen bee (D)
  3 burning bushes (D)
  3 wandering mushrooms (D)
  4 killer bees (D)
  2 scorpions (D)
  5 oklob saplings (D)
  A worker ant (D)
  2 spriggans (D)
  A river rat (D)
  A rat (D)
  A ballistomycete (D)
  A ballistomycete spore (D)
29 creatures vanquished.

Notes
Turn   | Place    | Note
-------+----------+-------------------------------------------
     0 | D        | doot the Deep Elf Enchanter began the quest for the Orb.
     0 | D        | Reached XP level 1. HP: 10/10 MP: 6/6
    14 | D        | Reached skill level 4 in Stealth
    14 | D        | Reached skill level 5 in Hexes
    14 | D        | Reached XP level 2. HP: 10/15 MP: 5/8
   146 | D        | Noticed an oklob sapling
   147 | D        | Killed an oklob sapling
   147 | D        | Reached skill level 5 in Stealth
   147 | D        | Reached XP level 3. HP: 19/19 MP: 9/11
   150 | D        | Found the amulet of invisibility {+Inv}
   151 | D        | Reached skill level 6 in Stealth
   171 | D        | Noticed an oklob sapling
   174 | D        | Killed an oklob sapling
   174 | D        | Reached skill level 7 in Stealth
   174 | D        | Reached skill level 5 in Spellcasting
   174 | D        | Reached XP level 4. HP: 24/24 MP: 10/13
   177 | D        | Found an opulent altar of Gozag.
   177 | D        | Found a hazy altar of Hepliaklqana.
   177 | D        | Found a roughly hewn altar of Beogh.
   177 | D        | Found a snail-covered altar of Cheibriados.
   178 | D        | Found a viscous altar of Jiyva.
   178 | D        | Found a burning altar of Makhleb.
   178 | D        | Found a sparkling altar of Nemelex Xobeh.
   178 | D        | Found a sacrificial altar of Ru.
   178 | D        | Found a deep blue altar of Sif Muna.
   178 | D        | Found a bloodstained altar of Trog.
   178 | D        | Found an ornate altar of the Wu Jian Council.
   178 | D        | Found a shimmering altar of Xom.
   178 | D        | Found a basalt altar of Yredelemnul.
   179 | D        | Found an iron altar of Okawaru.
   179 | D        | Found a glowing silver altar of Zin.
   179 | D        | Found a shadowy altar of Dithmenos.
   180 | D        | Found a hide-covered altar of Uskayaw.
   180 | D        | Found an ancient bone altar of Kikubaaqudgha.
   181 | D        | Found a stormy altar of Qazlal.
   181 | D        | Found a glowing golden altar of the Shining One.
   181 | D        | Found a white marble altar of Elyvilon.
   182 | D        | Found a radiant altar of Vehumet.
   182 | D        | Found a corrupted altar of Lugonu.
   185 | D        | Reached skill level 8 in Stealth
   185 | D        | Reached skill level 1 in Evocations
   187 | D        | Became a worshipper of Sif Muna the Loreminder
   318 | D        | Learned a level 2 spell: Ensorcelled Hibernation
   322 | D        | Learned a level 3 spell: Confuse
   329 | D        | Noticed a queen bee
   340 | D        | Reached skill level 9 in Stealth
   340 | D        | Reached XP level 5. HP: 28/28 MP: 6/15
   715 | D        | Reached * piety under Sif Muna
   715 | D        | Reached skill level 10 in Stealth
   715 | D        | Reached skill level 10 in Hexes
   715 | D        | Reached skill level 1 in Ice Magic
   840 | D        | Found Ylui's Jewellery Shop.
   841 | D        | Found Ynlia's Book Emporium.
   846 | D        | Reached XP level 6. HP: 21/32 MP: 10/18
  1010 | D        | Noticed a burning bush
  1010 | D        | Noticed a wandering mushroom
  1014 | D        | Noticed a wandering mushroom
  1311 | D        | Reached ** piety under Sif Muna
  1311 | D        | Reached skill level 5 in Dodging
  1314 | D        | Reached skill level 11 in Stealth
  1317 | D        | Killed a queen bee
  1317 | D        | Reached *** piety under Sif Muna
  1317 | D        | Reached skill level 1 in Fighting
  1317 | D        | Reached XP level 7. HP: 33/38 MP: 12/22
  1334 | D        | Noticed an oklob plant
  1337 | D        | Killed an oklob plant
  1337 | D        | Reached skill level 12 in Stealth
  1337 | D        | Reached skill level 10 in Spellcasting
  1337 | D        | Reached XP level 8. HP: 41/44 MP: 13/24
  1432 | D        | Noticed a burning bush
  1435 | D        | Killed a burning bush
  1435 | D        | Reached **** piety under Sif Muna
  1435 | D        | Reached skill level 13 in Stealth
  1447 | D        | Got a steaming leather armour
  1458 | D        | Identified the +1 leather armour of Trial and Error {Int+3 Slay+2} (You found it in the Dungeon)
  1460 | D        | Noticed a burning bush
  1460 | D        | Noticed an oklob plant
  1461 | D        | Noticed a wandering mushroom
  1462 | D        | Killed a burning bush
  1625 | D        | Killed an oklob plant
  1625 | D        | Reached skill level 14 in Stealth
  1808 | D        | Killed a wandering mushroom
  1808 | D        | Reached skill level 5 in Evocations
  1808 | D        | Reached XP level 9. HP: 48/48 MP: 22/26
  1839 | D        | Noticed a spriggan druid
  1841 | D        | Killed a spriggan druid
  1841 | D        | Reached skill level 5 in Short Blades
  1841 | D        | Reached skill level 15 in Stealth
  1853 | D        | Noticed an oklob plant conjurer
  1854 | D        | Killed an oklob plant conjurer
  1854 | D        | Reached skill level 16 in Stealth
  1863 | D        | Learned a level 5 spell: Metabolic Englaciation
  1868 | D        | Learned a level 4 spell: Petrify
  1940 | D        | Reached ***** piety under Sif Muna
  1955 | D        | Killed a burning bush
  1955 | D        | Received a gift from Sif Muna
  1955 | D        | Reached skill level 1 in Armour
  1957 | D        | Killed a wandering mushroom
  2016 | D        | Found Ehotyle's Book Shoppe.
  2017 | D        | Found Lureicefusk's Gadget Emporium.
  2200 | D        | Noticed Agnes
  2202 | D        | Found Iske Wun's Antique Weapon Emporium.
  2202 | D        | Noticed a spriggan berserker
  2204 | D        | Found Kuevy's Food Shoppe.
  2210 | D        | Mangled by Agnes

Skill      XL: |  1  2  3  4  5  6  7  8  9 |
---------------+----------------------------+-----
Stealth        | 4 5 7 9 10 11 12 14 16 | 16.6
Hexes          | 5 6 8 9 10 12 14 | 14.7
Dodging        | 3 4 5 6 |  6.8
Spellcasting   | 4 5 6 7 9 10 11 12 | 12.4
Evocations     | 1 2 3 4 5 6 |  6.2
Ice Magic      | 1 2 3 4 |  4.3
Short Blades   | 2 3 4 5 |  5.8
Fighting       | 1 2 |  2.5
Armour         | 1 |  1.1

Action                   |  1- 3 |  4- 6 |  7- 9 || total
-------------------------+-------+-------+-------++-------
Melee: Dagger            |     8 |    12 |    51 ||    71
       Rapier            |       |       |    12 ||    12
 Cast: Corona            |     1 |       |       ||     1
       Ensorcelled Hiber |       |    11 |       ||    11
       Confuse           |       |     8 |     6 ||    14
 Abil: Evoke Invisibilit |     1 |     2 |     2 ||     5
  Use: Potion            |     1 |     1 |     1 ||     3
       Scroll            |       |     1 |       ||     1
 Stab: Sleeping          |     3 |     9 |     7 ||    19
       Confused          |       |     1 |     7 ||     8
       Invisible         |       |       |     4 ||     4
  Eat: Chunk             |       |     1 |       ||     1
       Ration            |       |       |     1 ||     1
Dodge: Dodged            |     2 |    11 |     7 ||    20
